 Dungeon Crawl Stone Soup version 0.31.0-12-g77e489cdc1 (webtiles) character file.

Game seed: 8792739562729846259

186 Silvore the Covered (level 5, -2/41 HPs)
             Began as a Demonspawn Fighter on Feb 11, 2024.
             Slain by a ball python (3 damage)
             ... in a sewer.
             The game lasted 00:03:38 (1741 turns).

Silvore the Covered (Demonspawn Fighter)            Turns: 1741, Time: 00:03:38

Health: -2/41      AC:  7    Str: 18    XL:     5   Next: 38%
Magic:  5/5        EV:  7    Int:  9    God:
Gold:   98         SH:  8    Dex: 12    Spells: 4/4 levels left

rFire   . . .        h - +8 arc blade {discharge, rElec}
rCold   + . .        c - +0 buckler
rNeg    . . .        k - +2 ring mail of Nuneveonn {rPois}
rPois   +            (no helmet)
rElec   +            (no cloak)
rCorr   .            (no gloves)
SInv    .            (no boots)
Will    .....        g - amulet of faith
Stlth   +            m - ring of protection from cold
HPRegen 0.26/turn    (no ring)
MPRegen 0.09/turn

%: faith
@: mighty, constricted, invisible, very slow
A: condensation shield, demonic magic 1, weakness stinger 1
a: no special abilities


You were in a sewer.
You visited 1 branch of the dungeon, and saw 3 of its levels.
You also visited: Sewer.

You collected 98 gold pieces.

Inventory:

Hand Weapons
 a - a +1 long sword
 h - the +8 arc blade (weapon) {discharge, rElec}
   (You acquired it on level 1 of the Dungeon)

   rElec:     It insulates you from electricity.
Armour
 b - a +0 scale mail
 c - a +0 buckler (worn)
 k - the +2 ring mail of Nuneveonn (worn) {rPois}
   (You found it on level 2 of the Dungeon)

   rPois:     It protects you from poison
Jewellery
 g - an amulet of faith (around neck)
 m - a ring of protection from cold (left hand)
 o - an amulet of magic regeneration
Scrolls
 f - a scroll of teleportation {unknown}
 l - a scroll of immolation {unknown}
 r - a scroll of brand weapon {unknown}
Potions
 e - a potion of attraction
 i - a potion of invisibility
 j - 2 potions of haste {unknown}
 n - a potion of lignification {unknown}
 p - a potion of cancellation {unknown}
 q - 2 potions of enlightenment {unknown}


   Skills:
 + Level 3.4 Fighting
 + Level 1.3(2.0) Short Blades
 + Level 2.3(2.5) Long Blades
 + Level 4.0 Armour
 + Level 1.0 Dodging
 + Level 3.4 Shields


You had 4 spell levels left.
You didn't know any spells.
Your spell library was empty.

Dungeon Overview and Level Annotations

Branches:
Dungeon (3/15)              Sewer (1/1)

Altars:


Innate Abilities, Weirdness & Mutations

A meltable shield of frost defends you. (SH +4)
Spells you cast may paralyse adjacent enemies.
You have a small tail.


Message History

The ball python bites you. The bullfrog barely misses you.
The bullfrog closely misses you.
The rat splashes around in the water.
The ball python bites you but does no damage.
The ball python constricts you. You block the ball python's attack.
You block the bullfrog's attack.
You barely miss the bullfrog.
The bullfrog is almost dead.
The bullfrog hits you but does no damage.
You block the rat's attack.
The ball python bites you but does no damage.
The ball python constricts you. The bullfrog hits you.
* * * LOW HITPOINT WARNING * * *
The bullfrog hits you but does no damage.
You block the ball python's attack.
You feel very mighty all of a sudden. You block the bullfrog's attack.
The bullfrog hits you but does no damage.
The ball python bites you but does no damage.
The ball python constricts you.
The rat splashes around in the water.
The ball python bites you but does no damage.
You block the bullfrog's attack. The bullfrog hits you.
* * * LOW HITPOINT WARNING * * *
You fade into invisibility!
The ball python barely misses you. The ball python constricts you.
The rat bites you but does no damage.
The ball python bites you but does no damage.
The bullfrog hits you.
* * * LOW HITPOINT WARNING * * *
The bullfrog hits you.
* * * LOW HITPOINT WARNING * * *
The ball python closely misses you. The ball python constricts you.
Your unstable footing causes you to fumble your attack.
You block the bullfrog's attack. The bullfrog hits you.
* * * LOW HITPOINT WARNING * * *
The ball python bites you.
* * * LOW HITPOINT WARNING * * *
The rat completely misses you. The ball python completely misses you.
The ball python constricts you. You block the bullfrog's attack.
The bullfrog barely misses you. The ball python bites you.
You die...

#...##### #....'..#
#....#..# ##...####
#...†#################
#...†.#~≈≈≈≈≈≈≈≈≈≈≈≈~≈
##....~≈~≈≈~≈≈≈≈≈≈~~~≈
#.....~~~SFF≈≈≈≈~~~~F
#.....~~≈~@r#~~≈~~≈≈~
##...~~≈~S†#J..J#≈~≈≈
###..≈≈≈≈≈≈≈~≈≈~≈≈~≈
##################


You could see 2 bullfrogs, 2 endoplasms, 2 ball pythons and a rat.

Vanquished Creatures
  8 adders
  6 river rats
  A dart slug (D:1)
  2 ribbon worms
  14 ball pythons
  2 bats
  A giant cockroach (D:1)
  3 goblins
  2 hobgoblins
  A kobold (D:1)
  3 quokkas
  26 rats
69 creatures vanquished.

Notes
Turn   | Place    | Note
-------+----------+-------------------------------------------
     0 | D:1      | Silvore the Demonspawn Fighter began the quest for the Orb.
     0 | D:1      | Reached XP level 1. HP: 18/18 MP: 1/1
   265 | D:1      | Gained mutation: A meltable shield of frost defends you.
                  | (SH +4) [demonic ancestry]
   265 | D:1      | Reached XP level 2. HP: 20/24 MP: 2/2
   399 | D:1      | You fall into a shaft and drop 1 floor!
   735 | D:1      | Reached skill level 3 in Armour
   752 | D:1      | Identified a scroll of acquirement
   752 | D:1      | Acquired the +8 arc blade {discharge, rElec}
   752 | D:1      | Found the +8 arc blade {discharge, rElec}
   789 | D:2      | Identified the +2 ring mail of Nuneveonn {rPois}
   855 | D:2      | Gained mutation: Spells you cast may paralyse adjacent
                  | enemies. [demonic ancestry]
   855 | D:2      | Reached XP level 3. HP: 29/29 MP: 3/3
  1434 | D:3      | Found a glowing drain.
  1450 | Sewer    | Entered a sewer
  1475 | Sewer    | Reached XP level 4. HP: 32/35 MP: 4/4
  1543 | Sewer    | Reached skill level 1 in Short Blades
  1660 | Sewer    | Reached skill level 4 in Armour
  1660 | Sewer    | Gained mutation: You have a small tail. [demonic ancestry]
  1660 | Sewer    | Reached XP level 5. HP: 39/41 MP: 5/5
  1696 | Sewer    | Reached skill level 1 in Dodging
  1740 | Sewer    | HP: 2/41 [bullfrog (1)]
  1741 | Sewer    | Slain by a ball python

Illustrated notes

Levels and vault maps discovered:
D:1:      roderic_octagonal_star, layout_basic
D:2:      layout_loops_cross, minmay_statues_item, grunt_ministairs_1
D:3:      layout_basic, dilly_ecumenical_altar_fadedgnrine,
          portal_sewer_entry_b, roderic_lattice_a
Sewer:    sewer_minmay_w

Skill      XL: |  1  2  3  4  5 |
---------------+----------------+-----
Long Blades    | 2 |  2.3
Armour         | 3 4 |  4.0
Shields        | 3 |  3.4
Short Blades   | 1 |  1.3
Dodging        | 1 |  1.0
Fighting       | |  3.4

Action                     |  1- 3 |  4- 6 || total
---------------------------+-------+-------++-------
  Melee: Long sword        |    34 |       ||    34
         Rapier            |    39 |    79 ||   118
         Tailslap          |       |     2 ||     2
    Use: Scroll            |     6 |       ||     6
         Potion            |       |     4 ||     4
 Armour: Scale mail        |    22 |       ||    22
         Ring mail         |    26 |   147 ||   173
  Dodge: Dodged            |    31 |    92 ||   123
  Block: Buckler           |    28 |    96 ||   124
